 Dungeon Crawl Stone Soup version 0.28-a0-1404-g4df0f3684d (webtiles) character file.

Game seed: 4321527013588925746

2060 fragbeetle the Cudgeller (level 9, -2/132 HPs)
             Began as a Troll Berserker on Jan 5, 2022.
             Was a Priest of Trog.
             Slain by an orc warrior (4 damage)
             ... on level 6 of the Dungeon.
             The game lasted 00:12:32 (4622 turns).

fragbeetle the Cudgeller (Troll Berserker)          Turns: 4622, Time: 00:12:33

Health: -2/132     AC:  5    Str: 27    XL:     9   Next: 5%
Magic:  8/8        EV: 11    Int:  5    God:    Trog [***...]
Gold:   317        SH:  0    Dex: 11    Spells: 8/8 levels left

rFire   . . .      SeeInvis .   x - +1 flail (holy)
rCold   . . .      Faith    .   (no shield)
rNeg    . . .      Spirit   .   b - +0 animal skin
rPois   .          Reflect  .   (helmet restricted)
rElec   .          Harm     .   d - +0 cloak
rCorr   .          Rampage  .   (gloves unavailable)
Will    .....                   (boots unavailable)
Stlth   ..........              (no amulet)
HPRegen 1.12/turn               (no ring)
MPRegen 0.11/turn               (no ring)

@: berserking, very quick
A: large, unfitting armour, claws 3, regeneration 1, shaggy fur 1, tough skin 1
a: Renounce Religion, Berserk, Trog's Hand


You were on level 6 of the Dungeon.
You worshipped Trog.
Trog was most pleased with you.
You visited 2 branches of the dungeon, and saw 8 of its levels.

You collected 317 gold pieces.

Inventory:

Hand Weapons
 s - a +0 giant club
 x - a +1 flail of holy wrath (weapon)
Missiles
 h - 2 throwing nets
 l - 134 stones (quivered)
 v - 8 boomerangs
Armour
 b - a +0 animal skin (worn)
 d - a +0 cloak (worn)
Jewellery
 z - a ring of flight
Wands
 n - a wand of polymorph (11)
 w - a wand of charming (9)
Scrolls
 e - 3 scrolls of identify {unknown}
 g - a scroll of immolation {unknown}
 j - 2 scrolls of enchant weapon {unknown}
 k - 3 scrolls of teleportation {unknown}
 t - 2 scrolls of blinking {unknown}
 y - a scroll of fog {unknown}
Potions
 a - a potion of cancellation {unknown}
 c - 3 potions of heal wounds {unknown}
 f - a potion of degeneration {unknown}
 i - a potion of brilliance {unknown}
 m - a potion of might {unknown}
 o - 2 potions of haste
 p - 2 potions of curing {unknown}
 q - a potion of resistance {unknown}
 r - a potion of attraction {unknown}
 u - a potion of berserk rage {unknown}
 A - a potion of flight {unknown}


   Skills:
 + Level 5.0 Fighting
 * Level 7.5 Maces & Flails
 + Level 4.4 Throwing
 + Level 5.1 Dodging


You had 8 spell levels left.
You didn't know any spells.
Your spell library was empty.

Dungeon Overview and Level Annotations

Branches:
Dungeon (7/15)             Temple (1/1) D:5

Altars:
Cheibriados
Trog
Uskayaw

Shops:
D:1 *   D:4 (   D:5 *


Innate Abilities, Weirdness & Mutations

You are too large for most types of armour.
You have claws for hands.
Your natural rate of healing is unusually fast.
You are covered in fur. (AC +1)
You have tough skin. (AC +1)


Message History

The orc wizard hits you with a +0 dagger.
* * * LOW HITPOINT WARNING * * *
The orc warrior hits you with a +0 hand axe.
* * * LOW HITPOINT WARNING * * *
You are too confused!
You sock the orc wizard!
You kill the orc wizard!
Trog accepts your kill.
Trog appreciates your killing of a magic user.
Your life force feels restored.
You bump into the rock wall.
The orc warrior hits you with a +0 hand axe.
* * * LOW HITPOINT WARNING * * *
The orc barely misses you.
You bump into the rock wall.
The orc warrior hits you with a +0 hand axe!
* * * LOW HITPOINT WARNING * * *
The orc closely misses you.
You're too confused to move!
You feel less confused. The orc warrior closely misses you.
The orc barely misses you.
You barely miss the orc. The orc warrior barely misses you.
The orc barely misses you.
You sock the orc!
You kill the orc!
Trog accepts your kill.
The orc warrior hits you with a +0 hand axe!
* * * LOW HITPOINT WARNING * * *
A red film seems to cover your vision as you go berserk!
You feel yourself moving faster!
You feel mighty!
The orc warrior hits you with a +0 hand axe.
* * * LOW HITPOINT WARNING * * *
You sock the orc warrior!
The orc warrior is heavily wounded.
The orc warrior hits you with a +0 hand axe.
* * * LOW HITPOINT WARNING * * *
You closely miss the orc warrior.
The orc warrior is heavily wounded.
The orc warrior hits you with a +0 hand axe.
You die...

############ #...........
#.########## #.# #.# #.#
############.##########
#...##@o...............
########
#.#.##)#####.##########
.......# #....#.(รท....#
######.####..#.#.####### #
#.............## #
#.#.##...###...#### #
#.#....#.#[#.#....# #
#........#.#......#####
#####...#.........#......#


You could see an orc warrior.

Vanquished Creatures
  Grinder (D:6)
  Sigmund (D:4)
  Eustachio (D:4)
  2 black bears (D:6)
  2 ogres
  2 centaurs
  A bullfrog (D:6)
  3 scorpions
  2 water moccasin skeletons
  A howler monkey (D:6)
  4 jellies
  2 bullfrog zombies
  A centaur skeleton (D:5)
  4 hounds
  2 orc wizards
  5 iguanas
  A hound skeleton (D:4)
  Robin (D:4)
  8 adders
  A worm (D:4)
  4 dart slugs
  7 orcs
  8 endoplasms
  3 giant cockroaches
  10 hobgoblins
  6 jackals
  8 kobolds
  6 ball pythons
  2 bats (D:1)
  3 frilled lizards
  8 goblins
  4 rats (D:1)
114 creatures vanquished.

Notes
Turn   | Place    | Note
-------+----------+-------------------------------------------
     0 | D:1      | fragbeetle the Troll Berserker began the quest for the Orb.
     0 | D:1      | Reached XP level 1. HP: 22/22 MP: 0/0
    70 | D:1      | Reached skill level 3 in Maces & Flails
    70 | D:1      | Reached XP level 2. HP: 26/29 MP: 1/1
   239 | D:1      | Found a faded altar of an unknown god.
   306 | D:1      | Found Ankathroa's Assorted Antiques.
   585 | D:1      | Reached ** piety under Trog
   780 | D:2      | Reached XP level 3. HP: 35/36 MP: 2/2
  1436 | D:3      | Reached XP level 4. HP: 44/44 MP: 3/3
  1481 | D:3      | Noticed a scorpion
  1499 | D:3      | Killed a scorpion
  1500 | D:3      | Reached skill level 4 in Maces & Flails
  1614 | D:3      | Reached XP level 5. HP: 53/53 MP: 4/4
  1654 | D:3      | Reached skill level 1 in Throwing
  1688 | D:3      | Found a bloodstained altar of Trog.
  1867 | D:4      | Found a hide-covered altar of Uskayaw.
  1979 | D:4      | Noticed Sigmund
  2028 | D:4      | Killed Sigmund
  2029 | D:4      | Reached XP level 6. HP: 46/61 MP: 5/5
  2198 | D:4      | Found Epnodgh's Weapon Boutique.
  2236 | D:4      | Noticed Robin
  2266 | D:4      | Killed Robin
  2478 | D:4      | Reached skill level 5 in Maces & Flails
  2572 | D:4      | Noticed Eustachio
  2588 | D:4      | Killed Eustachio
  2589 | D:4      | Reached XP level 7. HP: 68/68 MP: 6/6
  2624 | D:4      | Found a snail-covered altar of Cheibriados.
  2903 | D:5      | Entered Level 5 of the Dungeon
  2905 | D:5      | Found a staircase to the Ecumenical Temple.
  2920 | Temple   | Entered the Ecumenical Temple
  2943 | D:5      | Found Ywufen's Overcharged Wands.
  2952 | D:5      | Identified the +4 pair of boots of Duty {rF+++ Str+7 Int-4}
  2983 | D:5      | Reached *** piety under Trog
  3382 | D:5      | Reached skill level 6 in Maces & Flails
  3682 | D:6      | Reached XP level 8. HP: 69/78 MP: 7/7
  3996 | D:6      | Reached skill level 7 in Maces & Flails
  4026 | D:6      | Noticed Grinder
  4045 | D:6      | Killed Grinder
  4046 | D:6      | Reached skill level 5 in Dodging
  4059 | D:6      | Reached skill level 5 in Fighting
  4267 | D:6      | Reached XP level 9. HP: 88/88 MP: 8/8
  4619 | D:6      | HP: 3/88 [orc warrior (12)]
  4621 | D:6      | HP: 1/132 [orc warrior (4)]
  4622 | D:6      | Slain by an orc warrior

Illustrated notes

Levels and vault maps discovered:
D:1:      dpeg_arrival_fog, layout_basic, hellmonk_ecumenical_altar_run_dry,
          serial_shops, shop
D:2:      layout_loops_cross
D:3:      layout_rooms, mainiacjoe_overflow_paths
D:4:      layout_loops_ring, chei_slow_surprise, mainiacjoe_overflow_alcove_2,
          serial_shops, shop, uniq_robin, uniq_sigmund, uniq_eustachio
D:5:      layout_loops_ring, temple_green, nicolae_shop_overcharged_wands
D:6:      layout_basic, minmay_fractal_squares_5, uniq_grinder
D:7:      layout_rooms, kennysheep_orc_sif_temple,
          chequers_temple_overflow_statue_of_worship
Temple:   nicolae_temple_figure_zero

Skill      XL: |  1  2  3  4  5  6  7  8 |
---------------+-------------------------+-----
Maces & Flails | 3 4 5 6 7 |  7.5
Fighting       | 3 4 5 |  5.0
Dodging        | 3 4 5 |  5.1
Throwing       | 1 2 3 4 |  4.4

Action                   |  1- 3 |  4- 6 |  7- 9 || total
-------------------------+-------+-------+-------++-------
Melee: Mace              |   120 |   148 |   121 ||   389
       Punch             |     2 |       |     3 ||     5
       Flail             |       |       |   118 ||   118
Throw: Stone             |       |     2 |       ||     2
Invok: Berserk           |       |     5 |     4 ||     9
  Use: Scroll            |       |       |     1 ||     1
 Stab: Sleeping          |     1 |     2 |       ||     3
Armor: Animal skin       |    56 |    54 |    85 ||   195
Dodge: Dodged            |    75 |    87 |   127 ||   289

Table legend: (Time is in decaauts)
 A = Elapsed time spent in this place.
 B = Non-inter-level travel time spent in this place.
 C = Inter-level travel time spent in this place.
 D = Time resting spent in this place.
 E = Time spent auto-exploring this place.
 F = Levels seen in this place.
 G = Mean time per level.
                   A        B        C        D        E       F      G
               +--------+--------+--------+--------+--------+-----+--------+
         Total |   4768 |   4510 |    258 |    147 |   2907 |   8 |  596.0 |
       Dungeon |   4754 |   4496 |    258 |    147 |   2907 |   7 |  679.1 |
        Temple |     13 |     13 |      0 |      0 |      0 |   1 |   13.0 |
               +--------+--------+--------+--------+--------+-----+--------+

Top non-repeatable levels by time:
     D:4: 1136 daAuts
     D:6: 972 daAuts
     D:5: 775 daAuts
     D:1: 737 daAuts
     D:2: 719 daAuts
     D:3: 405 daAuts
  Temple: 13 daAuts
     D:7: 9 daAuts
